 Dungeon Crawl Stone Soup version 0.30-a0-57-g8b159a9891 (webtiles) character file.

Game seed: 11710928858701818348

73 Malachi the Cutter (level 4, -4/33 HPs)
             Began as a Demonspawn Brigand on Sept 12, 2022.
             Slain by Crazy Yiuf
             ... wielding a +3 quarterstaff of chaos
              (15 damage)
             ... on level 2 of the Dungeon.
             The game lasted 00:01:59 (1663 turns).

Malachi the Cutter (Demonspawn Brigand)             Turns: 1663, Time: 00:01:59

Health: -4/33      AC:  3    Str: 11    XL:     4   Next: 8%
Magic:  4/4        EV: 11    Int: 12    God:
Gold:   121        SH:  0    Dex: 17    Spells: 3/3 levels left

rFire   . . .      SeeInvis .    a - +2 dagger
rCold   . . .      Faith    .    (no shield)
rNeg    . . .      Spirit   .    b - +0 robe
rPois   .          Reflect  .    (no helmet)
rElec   .          Harm     .    c - +0 cloak
rCorr   .          Rampage  .    (no gloves)
Will    .....                    (no boots)
Stlth   +++.......               (no amulet)
HPRegen 0.11/turn                (no ring)
MPRegen 0.18/turn                (no ring)

@: no status effects
A: magic regeneration
a: no special abilities


You were on level 2 of the Dungeon.
You visited 1 branch of the dungeon, and saw 2 of its levels.

You collected 121 gold pieces.

Inventory:

Hand Weapons
 a - a +2 dagger (weapon)
Missiles
 d - 8 poisoned darts (quivered)
Armour
 b - a +0 robe (worn)
 c - a +0 cloak (worn)
Scrolls
 f - a scroll of brand weapon {unknown}
 g - 6 scrolls of identify {unknown}
 j - a scroll of summoning {unknown}
 k - a scroll of butterflies {unknown}
 n - a scroll of enchant weapon {unknown}
Potions
 h - a potion of heal wounds {unknown}
 i - a potion of brilliance {unknown}
 l - a potion of lignification {unknown}
 m - a potion of berserk rage {unknown}


   Skills:
 - Level 2.0 Fighting
 + Level 4.0 Short Blades
 - Level 1.7 Throwing
 - Level 0.8 Dodging
 - Level 3.6 Stealth


You had 3 spell levels left.
You didn't know any spells.
Your spell library contained the following spells:

 Spells                   Type           Power      Damage    Failure   Level
 Ignite Poison            Fire/Tmut/Pois 0%         N/A       69%         3
 Mephitic Cloud           Conj/Pois/Air  0%         N/A       69%         3
 Freezing Cloud           Conj/Ice/Air   0%         6-21      100%        5


Dungeon Overview and Level Annotations

Branches:
Dungeon (2/15)

Altars:
Xom

Shops:
D:1 (

Annotations:
D:2 Crazy Yiuf


Innate Abilities, Weirdness & Mutations

You regenerate magic rapidly.


Message History

Crazy Yiuf suddenly seems more resistant.
You aren't carrying any items that you can evoke.
Unknown command.
You aren't carrying any items that you can evoke.
Unknown command.
Okay, then.
Throw: 3 darts (curare)
Press: ? - help, Q - select action, (/) - cycle Shift-Dir - straight line, f - Crazy Yiuf
Aim: Crazy Yiuf, wielding a +3 quarterstaff of chaos, wearing a +0 cloak and carrying a wand of flame (20) (unusually resistant, 64% to hit)
You throw a curare-tipped dart.
The curare-tipped dart closely misses Crazy Yiuf.
Throw: 2 darts (curare)
Press: ? - help, Q - select action, (/) - cycle Shift-Dir - straight line, f/p - Crazy Yiuf
Aim: Crazy Yiuf, wielding a +3 quarterstaff of chaos, wearing a +0 cloak and carrying a wand of flame (20) (unusually resistant, 64% to hit)
You throw a curare-tipped dart. The curare-tipped dart hits Crazy Yiuf.
Crazy Yiuf zaps a wand.
The puff of flame hits you!
Throw: dart (curare)
Press: ? - help, Q - select action, (/) - cycle Shift-Dir - straight line, f/p - Crazy Yiuf
Aim: Crazy Yiuf, wielding a +3 quarterstaff of chaos, wearing a +0 cloak and carrying a wand of flame (19) (unusually resistant, 64% to hit)
You throw a curare-tipped dart.
The curare-tipped dart barely misses Crazy Yiuf.
Crazy Yiuf zaps a wand.
The puff of flame hits you!
Unknown command.
Throw: 9 darts (poison)
Press: ? - help, Q - select action Shift-Dir - straight line, f/p - Crazy Yiuf
Aim: Crazy Yiuf, wielding a +3 quarterstaff of chaos, wearing a +0 cloak and carrying a wand of flame (18) (unusually resistant, 64% to hit)
You throw a poisoned dart. The poisoned dart hits Crazy Yiuf.
Crazy Yiuf closely misses you.
Throw: 8 darts (poison)
Press: ? - help, Q - select action Shift-Dir - straight line, f/p - Crazy Yiuf
Aim: Crazy Yiuf, wielding a +3 quarterstaff of chaos, wearing a +0 cloak and carrying a wand of flame (18) (unusually resistant, 64% to hit)
Okay, then.
You hit Crazy Yiuf.
Crazy Yiuf is lightly wounded.
Crazy Yiuf zaps a wand.
The puff of flame hits you.
You closely miss Crazy Yiuf.
Crazy Yiuf is lightly wounded.
Crazy Yiuf laughs, "Whippet sallow Xom!"
Crazy Yiuf hits you with a +3 quarterstaff of chaos!
You die...

### ###### #)..### ##....##
#(..g@####......# ## ####
#...##..#.......# .# #..# ###
###.#......# .# #..# #######.##
.# ####..# #.#
.###>....########### #.#
.....##............######.#
<.....#...................#####
.###.....##.#####.#####.......###


You could see Crazy Yiuf (resistant).

Vanquished Creatures
  2 adders (D:2)
  2 worms (D:2)
  3 dart slugs
  5 bats
  3 endoplasms (D:2)
  5 hobgoblins
  4 jackals (D:2)
  6 ball pythons
  2 frilled lizards (D:1)
  3 goblins (D:1)
  5 kobolds (D:1)
  4 rats
44 creatures vanquished.

Notes
Turn   | Place    | Note
-------+----------+-------------------------------------------
     0 | D:1      | Malachi the Demonspawn Brigand began the quest for the Orb.
     0 | D:1      | Reached XP level 1. HP: 16/16 MP: 1/1
    38 | D:1      | Reached skill level 2 in Short Blades
   341 | D:1      | Gained mutation: You regenerate magic rapidly. [demonic
                  | ancestry]
   341 | D:1      | Reached XP level 2. HP: 17/22 MP: 2/2
   568 | D:1      | Found a faded altar of an unknown god.
   604 | D:1      | Reached skill level 3 in Short Blades
   628 | D:1      | Found Liyno's Weapon Shoppe.
   994 | D:1      | Prayed at the altar of an unknown god.
   994 | D:1      | Became a worshipper of Xom the Tricky
  1033 | D:1      | Fell from the grace of Xom
  1107 | D:2      | Reached XP level 3. HP: 27/27 MP: 3/3
  1419 | D:2      | Reached XP level 4. HP: 27/33 MP: 4/4
  1574 | D:2      | Reached skill level 4 in Short Blades
  1644 | D:2      | Found a runed translucent door.
  1645 | D:2      | Noticed Crazy Yiuf
  1646 | D:2      | XOM: summons 1 hostile shadow creature
  1663 | D:2      | Slain by Crazy Yiuf

Illustrated notes

Levels and vault maps discovered:
D:1:      dpeg_arrival_rooms_c, layout_loops_cross, serial_shops,
          nicolae_shop_bloodbath_and_beyond,
          shapermc_ecumenical_altar_mp_highgroup
D:2:      layout_rooms, uniq_crazy_yiuf_cottage

Skill      XL: |  1  2  3  4 |
---------------+-------------+-----
Short Blades   | 2 3 4 |  4.0
Fighting       | |  2.0
Throwing       | |  1.7
Dodging        | |  0.8
Stealth        | |  3.6

Action                   |  1- 3 |  4- 6 || total
-------------------------+-------+-------++-------
Melee: Dagger            |   121 |    25 ||   146
       Punch             |     1 |       ||     1
Throw: Dart              |       |     4 ||     4
Invok: Renounce Religion |     1 |       ||     1
 Stab: Sleeping          |    11 |       ||    11
Armor: Robe              |    30 |     1 ||    31
Dodge: Dodged            |    56 |     9 ||    65

Table legend: (Time is in decaauts)
 A = Elapsed time spent in this place.
 B = Non-inter-level travel time spent in this place.
 C = Inter-level travel time spent in this place.
 D = Time resting spent in this place.
 E = Time spent auto-exploring this place.
 F = Levels seen in this place.
 G = Mean time per level.
                   A        B        C        D        E       F      G
               +--------+--------+--------+--------+--------+-----+--------+
         Total |   1639 |   1614 |     25 |      0 |   1311 |   2 |  819.5 |
       Dungeon |   1639 |   1614 |     25 |      0 |   1311 |   2 |  819.5 |
               +--------+--------+--------+--------+--------+-----+--------+

Top non-repeatable levels by time:
     D:1: 1050 daAuts
     D:2: 589 daAuts
